 Dungeon Crawl Stone Soup version 0.28-a0-1235-g7c8fac35f0 (webtiles) character file.

Game seed: 14544186418877224178

52 BunnyKimber the Cudgeller (level 3, 0/54 HPs)
             Began as a Troll Monk on Dec 24, 2021.
             Was the Champion of Ignis.
             Slain by Ijyb (6 damage)
             ... on level 2 of the Dungeon.
             The game lasted 00:05:18 (1360 turns).

BunnyKimber the Cudgeller (Troll Monk)              Turns: 1360, Time: 00:05:19

Health: 0/54       AC:  4    Str: 21    XL:     3   Next: 60%
Magic:  2/2        EV: 10    Int:  6    God:    Ignis [******]
Gold:   82         SH:  0    Dex: 12    Spells: 2/2 levels left

rFire   + + +      SeeInvis .   a - +0 mace
rCold   x x .      Faith    .   (no shield)
rNeg    . . .      Spirit   .   b - +0 robe
rPois   .          Reflect  .   (helmet restricted)
rElec   .          Harm     .   (no cloak)
rCorr   .          Rampage  .   (gloves unavailable)
Will    .....                   (boots unavailable)
Stlth   ..........              (no amulet)
HPRegen 0.98/turn               f - ring of fire
MPRegen 0.08/turn               h - ring of fire

@: berserking (expiring), hasted, very quick
A: large, unfitting armour, claws 3, regeneration 1, shaggy fur 1, tough skin 1
a: Renounce Religion, Fiery Armour, Foxfire Swarm, Rising Flame


You were on level 2 of the Dungeon.
You worshipped Ignis.
Ignis was exalted by your worship.
You visited 1 branch of the dungeon, and saw 2 of its levels.

You collected 82 gold pieces.

Inventory:

Hand Weapons
 a - a +0 mace (weapon)
Armour
 b - a +0 robe (worn)
Jewellery
 f - a ring of fire (left claw)
 h - a ring of fire (right claw)
Scrolls
 c - a scroll of summoning
 i - a scroll of enchant armour {unknown}
Potions
 g - a potion of might {unknown}


   Skills:
 + Level 2.8 Fighting
 + Level 3.5 Maces & Flails
 + Level 2.7 Dodging
 + Level 1.1 Stealth


You had 2 spell levels left.
You didn't know any spells.
Your spell library contained the following spells:

 Spells                   Type           Power      Damage    Failure   Level
 Magic Dart               Conj           0%         1d3       45%         1
 Searing Ray              Conj           0%         2d4       58%         2
 Fulminant Prism          Conj/Hex       0%         3d6       99%         4


Dungeon Overview and Level Annotations

Branches:
Dungeon (2/15)

Altars:
Ignis

Annotations:
D:2 Ijyb


Innate Abilities, Weirdness & Mutations

You are too large for most types of armour.
You have claws for hands.
Your natural rate of healing is unusually fast.
You are covered in fur. (AC +1)
You have tough skin. (AC +1)


Message History

Ijyb hits you with a +4 club!
* * * LOW HITPOINT WARNING * * *
It was a potion of berserk rage.
A red film seems to cover your vision as you go berserk!
You feel yourself moving faster!
You feel mighty! The goblin completely misses you.
The goblin hits you but does no damage. The goblin barely misses you.
The goblin hits you but does no damage.
You are too berserk!
You are too injured to fight recklessly!
You bludgeon the goblin!!
You kill the goblin!
Ijyb barely misses you. The goblin hits you with a +0 dagger.
* * * LOW HITPOINT WARNING * * *
The goblin hits you with a +0 club.
* * * LOW HITPOINT WARNING * * *
The goblin closely misses you. The goblin hits you but does no damage.
Ijyb grins evilly.
Ijyb closely misses you.
Things that are here:
a +0 club; a goblin corpse You hit the goblin.
You kill the goblin!
The goblin hits you but does no damage. The goblin barely misses you.
The goblin hits you but does no damage.
Things that are here:
a +0 club; a goblin corpse You feel a strong urge to attack something.
The goblin hits you but does no damage.
Ijyb zaps a wand.
You barely resist. You hit the goblin.
The goblin is severely wounded.
The goblin hits you but does no damage.
You sock the goblin!
You kill the goblin!
The goblin closely misses you.
You closely miss Ijyb. Ijyb hits you with a +4 club.
* * * LOW HITPOINT WARNING * * *
You closely miss Ijyb. The goblin closely misses you. Ijyb closely misses you.
You closely miss Ijyb. The goblin misses you. The goblin closely misses you.
Ijyb hits you with a +4 club.
You die...

##..# ##### .
#..# . #..# #.
#..#
#.#####..#####.
#.......>.......
#.......######..
#8..).g8#
#....)g@#
#8....g8#
#.......#
#8.....8#
#.......#
#8.....8#
#..(.?..#
#########


You could see Ijyb and 2 goblins.

Vanquished Creatures
  An adder (D:2)
  2 bats (D:1)
  5 endoplasms (D:1)
  2 giant cockroaches (D:1)
  3 hobgoblins
  3 jackals (D:1)
  4 quokkas
  5 ball pythons
  3 frilled lizards
  7 goblins
  A kobold (D:1)
  A rat (D:1)
37 creatures vanquished.

Notes
Turn   | Place    | Note
-------+----------+-------------------------------------------
     0 | D:1      | BunnyKimber the Troll Monk began the quest for the Orb.
     0 | D:1      | Reached XP level 1. HP: 22/22 MP: 0/0
    98 | D:1      | Reached XP level 2. HP: 28/29 MP: 1/1
   113 | D:1      | Reached skill level 3 in Maces & Flails
   154 | D:1      | Found a faded altar of an unknown god.
   177 | D:1      | Prayed at the altar of an unknown god.
   177 | D:1      | Became a worshipper of Ignis, the Dying Flame
   177 | D:1      | Reached ****** piety under Ignis
   597 | D:1      | Reached XP level 3. HP: 36/36 MP: 2/2
  1342 | D:2      | Noticed Ijyb
  1360 | D:2      | Slain by Ijyb

Illustrated notes

Levels and vault maps discovered:
D:1:      lightli_arrival_isolated_outpost, layout_loops_corners,
          dreamdust_ecumenical_altar_statues
D:2:      kennysheep_the_goblin_king, layout_basic

Skill      XL: |  1  2 |
---------------+-------+-----
Maces & Flails | 3 |  3.5
Fighting       | |  2.8
Dodging        | |  2.7
Stealth        | |  1.1

Action                   || total
-------------------------++-------
Melee: Mace              ||   131
  Use: Scroll            ||     3
       Potion            ||     2
 Stab: Sleeping          ||     6
Armor: Robe              ||    68
Dodge: Dodged            ||   108

Table legend: (Time is in decaauts)
 A = Elapsed time spent in this place.
 B = Non-inter-level travel time spent in this place.
 C = Inter-level travel time spent in this place.
 D = Time resting spent in this place.
 E = Time spent auto-exploring this place.
 F = Levels seen in this place.
 G = Mean time per level.
                   A        B        C        D        E       F      G
               +--------+--------+--------+--------+--------+-----+--------+
         Total |   1392 |   1392 |      0 |      0 |    904 |   2 |  696.0 |
       Dungeon |   1392 |   1392 |      0 |      0 |    904 |   2 |  696.0 |
               +--------+--------+--------+--------+--------+-----+--------+

Top non-repeatable levels by time:
     D:1: 1084 daAuts
     D:2: 308 daAuts
